AoeStats
← cocs.bluntt

Hideout

509828052Analyzed
1v1 RM · 3d ago on Sep 28, 2026· 32m 55s· 2 players
Game mode
Random Map
Map size
Tiny (2 player)
Population
200
Speed
Normal
Resources
Standard
Victory
Conquest
Starting age
Dark Age
Ending age
Imperial Age
RankedLock teamsTeams togetherTeam positionsShared explorationLock speedFull tech treeHidden civsTurbo modeCheats
Victory
Defeat
🇲🇽 Mongols · Mexico
607
+13
🇲🇽 Mongols · Mexico
549
-13
brauxico
11:04 Feudal Age
11:27 Loom
17:17 Castle Age
15:03 Town Watch
31:59 Double-Bit Axe
cocs.bluntt
13:04 Feudal Age
11:51 Loom
14:03 Double-Bit Axe
14:09 Horse Collar
17:29 Castle Age
17:03 Stone Mining
27:53 Imperial Age
32:58 Fletching
Connection lost

Rejoining the realm…

Still unreachable

The connection could not be restored.

Session expired

The server has moved on; the page needs a fresh start.